 Dungeon Crawl Stone Soup version 0.24-a0-67-ga78bd38 (webtiles) character file.

Game seed: 1035841538818900938

907 Kairos the Charmwright (level 8, -2/63 HPs)
             Began as a Gnoll Skald on Feb 5, 2019.
             Slain by an orc
             ... wielding a +0 mace
              (3 damage)
             ... on level 4 of the Dungeon.
             The game lasted 00:09:13 (6272 turns).

Kairos the Charmwright (Gnoll Skald)                Turns: 6272, Time: 00:09:13

Health: -2/63      AC:  8    Str: 15    XL:     8   Next: 8%
Magic:  16/16      EV: 14    Int: 15    God:
Gold:   284        SH:  0    Dex: 16    Spells: 17/18 levels left

rFire    + . .     SeeInvis .   n - +0 quarterstaff
rCold    + . .     Gourm    .   (shield currently unavailable)
rNeg     . . .     Faith    .   w - +1 ring mail {rPois}
rPois    +         Spirit   .   l - +0 helmet
rElec    .         Reflect  .   (no cloak)
rCorr    .         Harm     .   (no gloves)
MR       .....                  (no boots)
Stlth    ++........             (no amulet)
HPRegen  0.20/turn              c - ring of protection from fire
MPRegen  0.15/turn              y - ring of protection from cold

@: infused
A: distributed training, fangs 1, strong nose
a: no special abilities


You were on level 4 of the Dungeon.
You were hungry.

You visited 1 branch of the dungeon, and saw 5 of its levels.
You also visited: Ossuary.

You collected 284 gold pieces.

Inventory:

Hand Weapons
 b - a +0 great mace
 g - a +0 whip
 h - a +0 hunting sling
 n - a +0 quarterstaff (weapon)
Missiles
 r - 66 stones (quivered)
Armour
 l - a +0 helmet (worn)
 v - a +0 plate armour
 w - a +1 ring mail of poison resistance (worn)
Jewellery
 a - an uncursed ring of protection from fire
 c - a ring of protection from fire (left hand)
 y - a ring of protection from cold (right hand)
Wands
 o - a wand of iceblast (5)
Scrolls
 e - 3 scrolls of fog {unknown}
 f - a scroll of teleportation {unknown}
 i - 4 scrolls of amnesia
 j - a scroll of enchant armour {unknown}
 k - 5 scrolls of identify {unknown}
 m - a scroll of enchant weapon {unknown}
 u - a scroll of immolation {unknown}
 x - a scroll of remove curse {unknown}
Potions
 q - 4 potions of curing {unknown}
 s - a potion of cancellation {unknown}
 t - a potion of agility {unknown}
 z - a potion of magic {unknown}
 A - a potion of heal wounds {unknown}
 B - a potion of mutation {unknown}
Comestibles
 d - 3 rations


   Skills:
 + Level 5.4 Fighting
 + Level 2.8 Short Blades
 + Level 2.8 Long Blades
 + Level 2.8 Axes
 + Level 5.4 Maces & Flails
 + Level 2.8 Polearms
 + Level 2.8 Staves
 + Level 2.8 Slings
 + Level 2.8 Bows
 + Level 2.8 Crossbows
 + Level 2.8 Throwing
 + Level 3.9 Armour
 + Level 5.4 Dodging
 + Level 2.8 Stealth
 + Level 2.8 Shields
 + Level 2.8 Unarmed Combat
 + Level 5.8 Spellcasting
 + Level 2.3 Conjurations
 + Level 2.3 Hexes
 + Level 6.0 Charms
 + Level 2.3 Summonings
 + Level 2.3 Necromancy
 + Level 2.3 Translocations
 + Level 2.3 Transmutations
 + Level 2.3 Fire Magic
 + Level 2.3 Ice Magic
 + Level 2.3 Air Magic
 + Level 2.3 Earth Magic
 + Level 2.3 Poison Magic
 + Level 3.1 Invocations
 + Level 2.8 Evocations


You had 17 spell levels left.
You knew the following spells:

 Your Spells              Type           Power        Failure   Level  Hunger
a - Infusion              Chrm           ###.         2%          1    None

Your spell library contained the following spells:

 Spells                   Type           Power        Failure   Level  Hunger
 Song of Slaying          Chrm           ###.....     3%          2    #......
 Shroud of Golubria       Chrm/Tloc      ###.......   8%          2    #......
 Regeneration             Chrm/Necr      ###.......   16%         3    ###....
 Spectral Weapon          Hex/Chrm       ###.....     16%         3    ###....


Dungeon Overview and Level Annotations

Branches:
Dungeon (5/15)
 Temple: D:4-7

Altars:
Dithmenos
Makhleb
Sif Muna
Vehumet
Wu Jian
Xom

Shops:
D:4 *


Innate Abilities, Weirdness & Mutations

Your experience applies equally to all skills.
You have very sharp teeth.
Your uncanny sense of smell can sniff out nearby items.


Message History

The sky beast hits you but does no damage.
You miss the sky beast.
The sky beast is almost dead.
The sky beast hits you but does no damage.
The orc hits you with a +0 mace.
* * * LOW HITPOINT WARNING * * *
You closely miss the sky beast.
The sky beast is almost dead.
The sky beast hits you but does no damage.
The orc barely misses you.
You miss the sky beast.
The sky beast is almost dead.
The sky beast flickers out of sight!
Deactivating autopickup; reactivate with Ctrl-A.
Something hits you.
* * * LOW HITPOINT WARNING * * *
Something shocks you.
* * * LOW HITPOINT WARNING * * *
The orc hits you with a +0 mace.
You die...

.....# #.# ####.# #.#
#..#.####.#######
#..#............# ######
#..#......#####.##########....#
...#......'...................#
##.##.....##.#.#.#.#.#.#.#.#..#
...###.....#.....o......#.....#
#### #>#####...#@#.#...#.#.#..#
# #†# #.......{........#...#
#### #.###.#..#..#.#.....#.#..#
...# #.8##..#8#......#........#
##.# ##......####..#.##....#.##
#.# ##.....#####...........#
#.# #.....#.......#.#.#.#.# #.#
####..#............#..# #.#
###...##########.#.#.#.#


You could see an orc.

Vanquished Creatures
  An ogre (D:5)
  3 elf zombies (Ossuary)
  A bullfrog (D:4)
  A scorpion (D:4)
  A howler monkey (D:4)
  A centaur zombie (Ossuary)
  A bullfrog skeleton (D:4)
  2 hounds
  A human zombie (Ossuary)
  Jessica (D:2)
  2 worker ants
  A hound zombie (Ossuary)
  3 mummies (Ossuary)
  Robin (D:2)
  7 adders
  2 adder zombies (Ossuary)
  4 worms
  2 dart slugs
  2 leopard geckos (D:3)
  3 ball pythons
  A giant cockroach (D:2)
  2 gnoll zombies (Ossuary)
  10 hobgoblins
  6 jackals
  14 kobolds
  2 quokkas
  8 bats
  6 frilled lizards
  10 goblins
  8 goblin zombies (Ossuary)
  4 hobgoblin zombies (Ossuary)
  6 jackal zombies (Ossuary)
  3 kobold zombies (Ossuary)
  An orc zombie (Ossuary)
  A quokka zombie (Ossuary)
  10 rats
  3 rat zombies (Ossuary)
135 creatures vanquished.

Notes
Turn   | Place    | Note
-------+----------+-------------------------------------------
     0 | D:1      | Kairos the Gnoll Skald began the quest for the Orb.
     0 | D:1      | Reached XP level 1. HP: 20/20 MP: 6/6
   429 | D:1      | Reached XP level 2. HP: 22/26 MP: 7/7
  1612 | D:2      | Noticed Jessica
  1648 | D:2      | Killed Jessica
  1648 | D:2      | Reached skill level 5 in Spellcasting
  1648 | D:2      | Reached skill level 1 in Invocations
  1648 | D:2      | Reached XP level 3. HP: 23/31 MP: 7/9
  1675 | D:2      | Reached skill level 1 in Short Blades
  1675 | D:2      | Reached skill level 1 in Long Blades
  1675 | D:2      | Reached skill level 1 in Axes
  1675 | D:2      | Reached skill level 1 in Polearms
  1675 | D:2      | Reached skill level 1 in Staves
  1675 | D:2      | Reached skill level 1 in Slings
  1675 | D:2      | Reached skill level 1 in Bows
  1675 | D:2      | Reached skill level 1 in Crossbows
  1675 | D:2      | Reached skill level 1 in Throwing
  1675 | D:2      | Reached skill level 1 in Stealth
  1675 | D:2      | Reached skill level 1 in Shields
  1675 | D:2      | Reached skill level 1 in Unarmed Combat
  1675 | D:2      | Reached skill level 1 in Evocations
  1887 | D:2      | Reached XP level 4. HP: 37/38 MP: 11/11
  1951 | D:2      | Found an ornate altar of the Wu Jian Council.
  1951 | D:2      | Found a shadowy altar of Dithmenos.
  1979 | D:2      | Noticed Robin
  1990 | D:2      | Killed Robin
  2135 | D:2      | Reached skill level 1 in Conjurations
  2135 | D:2      | Reached skill level 1 in Hexes
  2135 | D:2      | Reached skill level 1 in Summonings
  2135 | D:2      | Reached skill level 1 in Necromancy
  2135 | D:2      | Reached skill level 1 in Translocations
  2135 | D:2      | Reached skill level 1 in Transmutations
  2135 | D:2      | Reached skill level 1 in Fire Magic
  2135 | D:2      | Reached skill level 1 in Ice Magic
  2135 | D:2      | Reached skill level 1 in Air Magic
  2135 | D:2      | Reached skill level 1 in Earth Magic
  2135 | D:2      | Reached skill level 1 in Poison Magic
  2144 | D:2      | Found a radiant altar of Vehumet.
  2404 | D:2      | Reached XP level 5. HP: 40/43 MP: 7/12
  2414 | D:2      | Found a shimmering altar of Xom.
  3512 | D:3      | Found a burning altar of Makhleb.
  3661 | D:4      | Reached XP level 6. HP: 48/50 MP: 13/13
  3728 | D:4      | Found a sand-covered staircase.
  3759 | Ossuary  | Entered an ossuary
  3881 | Ossuary  | Reached skill level 5 in Fighting
  3881 | Ossuary  | Reached skill level 5 in Maces & Flails
  3881 | Ossuary  | Reached skill level 5 in Dodging
  4404 | Ossuary  | Reached XP level 7. HP: 54/56 MP: 15/15
  4922 | D:4      | Found a deep blue altar of Sif Muna.
  4936 | D:4      | Found Iquqo's General Store.
  6147 | D:5      | Entered Level 5 of the Dungeon
  6186 | D:5      | Reached XP level 8. HP: 63/63 MP: 12/16
  6191 | D:5      | Reached skill level 6 in Charms
  6272 | D:4      | HP: 1/63 [something (6)]
  6272 | D:4      | Slain by an orc

Vault maps used:
D:1:      kennysheep_arrival_seaside
D:2:      marbit_many_paths, xom_teletrap_fun, gammafunk_temple_overflow_wave,
          uniq_robin, uniq_jessica
D:3:      makhleb_blood_cavern_becter
D:4:      overflow_temple_1_default, serial_shops, shop,
          lightli_ossuary_entry_decrepit_ruins, hangedman_decor_riveting
D:5:      zin_academy, minmay_temple_entry_overgrown, first_ration,
          lemuel_another_geyser, uniq_edmund, uniq_duvessa
Ossuary:  minmay_ossuary_two_tombs

Skill      XL: |  1  2  3  4  5  6  7  8 |
---------------+-------------------------+-----
Spellcasting   | 5 |  5.8
Invocations    | 1 2 3 |  3.1
Short Blades   | 1 2 |  2.8
Long Blades    | 1 2 |  2.8
Axes           | 1 2 |  2.8
Polearms       | 1 2 |  2.8
Staves         | 1 2 |  2.8
Slings         | 1 2 |  2.8
Bows           | 1 2 |  2.8
Crossbows      | 1 2 |  2.8
Throwing       | 1 2 |  2.8
Stealth        | 1 2 |  2.8
Shields        | 1 2 |  2.8
Unarmed Combat | 1 2 |  2.8
Evocations     | 1 2 |  2.8
Conjurations   | 1 2 |  2.3
Hexes          | 1 2 |  2.3
Summonings     | 1 2 |  2.3
Necromancy     | 1 2 |  2.3
Translocations | 1 2 |  2.3
Transmutations | 1 2 |  2.3
Fire Magic     | 1 2 |  2.3
Ice Magic      | 1 2 |  2.3
Air Magic      | 1 2 |  2.3
Earth Magic    | 1 2 |  2.3
Poison Magic   | 1 2 |  2.3
Armour         | 3 |  3.9
Fighting       | 5 |  5.4
Maces & Flails | 5 |  5.4
Dodging        | 5 |  5.4
Charms         | 6 |  6.0

Action                   |  1- 3 |  4- 6 |  7- 9 || total
-------------------------+-------+-------+-------++-------
Melee: Mace              |    34 |       |       ||    34
       Bite              |     4 |    34 |    15 ||    53
       Whip              |    58 |    40 |       ||    98
       Quarterstaff      |       |   249 |   130 ||   379
       Punch             |       |     1 |       ||     1
       Great mace        |       |    18 |       ||    18
Throw: Tomahawk          |       |    36 |     4 ||    40
       Stone             |       |     9 |     6 ||    15
 Cast: Infusion          |       |    10 |     2 ||    12
  Use: Scroll            |       |     1 |       ||     1
 Stab: Sleeping          |       |     3 |       ||     3
  Eat: Chunk             |     3 |     6 |     1 ||    10
       Ration            |       |     2 |       ||     2
Armor: Leather armour    |    11 |    25 |       ||    36
       Plate armour      |       |   212 |     3 ||   215
       Ring mail         |       |       |    55 ||    55
Dodge: Dodged            |    68 |   163 |    94 ||   325

Table legend:
 A = Non-vault XP
 B = Vault XP
 C = Vault XP percentage of total XP
 D = Non-vault monster count
 E = Vault monster count
 F = Vault count percentage of total count
                 A         B        C        D         E       F
            +---------+---------+-------+---------+---------+-------
      Total |     685 |     611 |  47.1 |      81 |      54 |  40.0
            +---------+---------+-------+---------+---------+-------
        D:1 |      29 |       0 |   0.0 |      19 |       0 |   0.0
        D:2 |      84 |      87 |  50.9 |      21 |      14 |  40.0
        D:3 |      46 |      43 |  48.3 |      24 |       1 |   4.0
        D:4 |     374 |       0 |   0.0 |      15 |       0 |   0.0
        D:5 |     152 |       0 |   0.0 |       2 |       0 |   0.0
    Ossuary |       0 |     481 | 100.0 |       0 |      39 | 100.0
            +---------+---------+-------+---------+---------+-------
